 Dungeon Crawl Stone Soup version 0.31.0-12-g77e489cdc1 (webtiles) character file.

Game seed: 3390405973316970490

70 PaiMei the Grave Robber (level 4, -8/30 HPs)
             Began as a Demonspawn Necromancer on Feb 21, 2024.
             Mangled by Terence
             ... wielding a +0 hand axe
              (9 damage)
             ... on level 3 of the Dungeon.
             The game lasted 00:05:27 (2578 turns).

PaiMei the Grave Robber (Demonspawn Necromancer)    Turns: 2578, Time: 00:05:27

Health: -8/30      AC:  2    Str:  8    XL:     4   Next: 3%
Magic:  0/7        EV: 12    Int: 18    God:
Gold:   155        SH:  0    Dex: 13    Spells: 7/8 levels left

rFire   . . .        e - +1 dagger (speed)
rCold   . . .        (no shield)
rNeg    . . .        a - +0 robe
rPois   .            (no helmet)
rElec   .            (no cloak)
rCorr   .            (no gloves)
SInv    .            (no boots)
Will    .....        (no amulet)
Stlth   ++           (no ring)
HPRegen 0.25/turn    (no ring)
MPRegen 0.10/turn

%: no passive effects
@: no status effects
A: powered by death 2
a: no special abilities


You were on level 3 of the Dungeon.
You visited 1 branch of the dungeon, and saw 3 of its levels.

You collected 155 gold pieces.

Inventory:

Hand Weapons
 e - a +1 dagger of speed (weapon)
Armour
 a - a +0 robe (worn)
Wands
 m - a wand of charming (7)
Scrolls
 d - 3 scrolls of identify {unknown}
 g - a scroll of blinking {unknown}
 j - 2 scrolls of enchant weapon {unknown}
 k - a scroll of teleportation {unknown}
 l - a scroll of amnesia {unknown}
 n - a scroll of revelation {unknown}
 o - a scroll of poison {unknown}
Potions
 b - a potion of magic
 c - a potion of degeneration {unknown}
 f - a potion of resistance {unknown}
 h - a potion of curing {unknown}
 i - a potion of might {unknown}


   Skills:
 + Level 2.4 Dodging
 + Level 2.6 Stealth
 + Level 2.6 Spellcasting
 + Level 4.8 Necromancy


You had 7 spell levels left.
You knew the following spells:

 Your Spells              Type           Power      Damage    Failure   Level
a - Necrotise             Necr           76%        1d7       2%          1

Your spell library contained the following spells:

 Spells                   Type           Power      Damage    Failure   Level
 Vampiric Draining        Necr           19%        2d7       7%          3
 Magic Dart               Conj           8%         1d3       17%         1
 Animate Dead             Necr           19%        N/A       22%         4
 Searing Ray              Conj           4%         2d4       26%         2
 Gell's Gravitas          Tloc           2%         N/A       45%         3
 Teleport Other           Tloc           2%         N/A       45%         3
 Curse of Agony           Necr           19%        N/A       54%         5
 Fulminant Prism          Conj/Alch      1%         3d5       86%         4
 Dispersal                Tloc           1%         N/A       100%        6


Dungeon Overview and Level Annotations

Branches:
Dungeon (3/15)

Altars:
Cheibriados
Gozag

Annotations:
D:3 Terence


Innate Abilities, Weirdness & Mutations

You regenerate health from kills.


Message History

You don't have enough magic to cast this spell.
You hit Terence but do no damage.
Terence is almost dead.
Terence hits you with a +0 hand axe.
* * * LOW HITPOINT WARNING * * *
You closely miss Terence.
Terence is almost dead.
Casting: Necrotise (safe; 2% risk of failure)
Confirm with . or Enter, or press ? or * to list all spells.
You don't have enough magic to cast this spell.
You hit Terence but do no damage.
Terence is almost dead.
Terence misses you.
Casting: Necrotise (safe; 2% risk of failure)
Confirm with . or Enter, or press ? or * to list all spells.
You don't have enough magic to cast this spell.
You hit Terence.
Terence is almost dead.
Terence hits you with a +0 hand axe.
* * * LOW HITPOINT WARNING * * *
Casting: Necrotise (safe; 2% risk of failure)
Confirm with . or Enter, or press ? or * to list all spells.
You don't have enough magic to cast this spell.
You hit Terence but do no damage.
Terence is almost dead.
Casting: Necrotise (safe; 2% risk of failure)
Confirm with . or Enter, or press ? or * to list all spells.
You don't have enough magic to cast this spell.
You barely miss Terence.
Terence is almost dead.
Terence hits you with a +0 hand axe.
* * * LOW HITPOINT WARNING * * *
Casting: Necrotise (safe; 2% risk of failure)
Confirm with . or Enter, or press ? or * to list all spells.
You don't have enough magic to cast this spell.
You completely miss Terence.
Terence is almost dead.
Terence hits you with a +0 hand axe!
You die...
Terence says, "That felt goooood."

###.## ##.### #.##
......## #..# ##.#
###.#..####.## ##..#
#.##......# ###..##
..##..#######....#
####..######..#..#
##.......#.#.)##
#####..........#@##
...............#@#
#####........#...#
###.........##.......(
#...#.......##.####..#
##.###.......##.# #
...# #########..#
########### .##
..)........ ..
########### #.


You could see Terence.

Vanquished Creatures
  Ijyb (D:3)
  A dart slug (D:1)
  A ribbon worm (D:2)
  An orc (D:3)
  6 endoplasms
  2 giant cockroaches (D:1)
  3 goblins
  3 hobgoblins
  4 jackals
  A kobold (D:1)
  3 ball pythons
  6 bats
  A frilled lizard (D:2)
  3 rats
36 creatures vanquished.

Notes
Turn   | Place    | Note
-------+----------+-------------------------------------------
     0 | D:1      | PaiMei the Demonspawn Necromancer began the quest for the
                  | Orb.
     0 | D:1      | Reached XP level 1. HP: 13/13 MP: 3/3
   297 | D:1      | Gained mutation: You regenerate a little health from kills.
                  | [demonic ancestry]
   297 | D:1      | Reached XP level 2. HP: 19/19 MP: 0/5
  1204 | D:2      | Gained mutation: You regenerate health from kills. [demonic
                  | ancestry]
  1204 | D:2      | Reached XP level 3. HP: 24/24 MP: 0/6
  2210 | D:3      | Found a snail-covered altar of Cheibriados.
  2210 | D:3      | Found an opulent altar of Gozag.
  2298 | D:3      | Noticed Ijyb
  2320 | D:3      | Killed Ijyb
  2421 | D:3      | Reached XP level 4. HP: 30/30 MP: 4/7
  2509 | D:3      | Noticed Terence
  2577 | D:3      | HP: 1/30 [Terence/+0 hand axe (4)]
  2578 | D:3      | Mangled by Terence

Illustrated notes

Levels and vault maps discovered:
D:1:      mrwooster_arrival_statue_2, layout_loops_ring
D:2:      layout_loops_corners, serial_rivers, chequers_serial_rivers_micro_e,
          chequers_serial_rivers_micro_a, chequers_serial_rivers_room_b,
          chequers_serial_rivers_micro_a, chequers_serial_rivers_large_a,
          chequers_serial_rivers_room_b
D:3:      layout_rooms, lemuel_round_altar, gammafunk_temple_overflow_statue,
          uniq_ijyb, uniq_terence

Skill      XL: |  1 |
---------------+----+-----
Stealth        | 2 |  2.6
Dodging        | 2 |  2.4
Spellcasting   | |  2.6
Necromancy     | |  4.8

Action                     |  1- 3 |  4- 6 || total
---------------------------+-------+-------++-------
  Melee: Dagger            |    25 |    23 ||    48
   Cast: Necrotise         |    70 |     9 ||    79
 Armour: Robe              |    22 |    14 ||    36
  Dodge: Dodged            |    25 |    12 ||    37
